 Dungeon Crawl Stone Soup version 0.32-a0-720-g1d96ad090f (webtiles) character file.

Game seed: 12218434588402853555

58 Nvm9 the Trooper (level 3, -11/29 HPs)
             Began as a Demonspawn Fighter on Mar 16, 2024.
             Mangled by Sigmund
             ... wielding a +1 heavy scythe
              (20 damage)
             ... on level 2 of the Dungeon.
             The game lasted 00:02:47 (955 turns).

Nvm9 the Trooper (Demonspawn Fighter)                Turns: 955, Time: 00:02:48

Health: -11/29     AC:  7    Str: 18    XL:     3   Next: 75%
Magic:  3/3        EV:  8    Int:  8    God:
Gold:   93         SH:  4    Dex: 12    Spells: 2/2 levels left

rFire   . . .        a - +1 war axe
rCold   . . .        c - +0 buckler
rNeg    . . .        b - +1 scale mail
rPois   .            (no helmet)
rElec   .            (no cloak)
rCorr   .            (no gloves)
SInv    .            (no boots)
Will    .....        (no amulet) Stlth
                     (no ring)
HPRegen 0.24/turn    (no ring)
MPRegen 0.08/turn

%: no passive effects
@: mighty
A: demonic guardian 1, powered by pain 1
a: no special abilities


You were on level 2 of the Dungeon.
You visited 1 branch of the dungeon, and saw 2 of its levels.

You collected 93 gold pieces.

Inventory:

Hand Weapons
 a - a +1 war axe (weapon)
Armour
 b - a +1 scale mail (worn)
 c - a +0 buckler (worn)
Scrolls
 k - 2 scrolls of identify
Potions
 d - 2 potions of might
 f - a potion of lignification {unknown}
 j - a potion of attraction
 l - a potion of curing {unknown}


   Skills:
 * Level 3.4 Fighting
 * Level 2.3 Axes
 * Level 3.2 Armour
 * Level 3.1 Shields


You had 2 spell levels left.
You didn't know any spells.
Your spell library contained the following spells:

 Spells                   Type           Power      Damage    Failure   Level
 Stone Arrow              Conj/Erth      0%         3d7       99%         3
 Animate Armour           Summ/Erth      0%         N/A       100%        4
 Lehudib's Crystal Spear  Conj/Erth      0%         10d2      100%        8


Dungeon Overview and Level Annotations

Branches:
Dungeon (2/15)

Altars:

Annotations:
D:2 Sigmund


Innate Abilities, Weirdness & Mutations

A weak demonic guardian rushes to your aid.
You sometimes gain a little power by taking damage.


Message History

It is a scroll of enchant armour.
Your +0 scale mail glows green for a moment.
As you read the scroll labelled YHOLOA SIJO, it crumbles to dust.
It is a scroll of identify.
j - a potion of attraction
As you read the scroll labelled VUSHRU ASCHAEL, it crumbles to dust.
Your body is wracked with pain!
You focus on the pain.
You feel agile all of a sudden.
It was a scroll of torment.
You start resting.
You feel a little less agile now.
As you read the scroll labelled TED ILYAJUPE, it crumbles to dust.
It is a scroll of enchant weapon.
Your +0 war axe glows red for a moment.
HP restored.
Sigmund the Dreaded comes into view.
He is wielding a +1 heavy scythe.
Sigmund casts a spell at you.
You are confused.
Sigmund is nearby!
You are too confused!
You are too confused!
A goblin comes into view. It is wielding a +0 club.
The goblin shouts!
Sigmund gestures at you while chanting. The magic dart hits you!
You bump into the rock wall.
You bump into the rock wall.
You feel less confused.
Sigmund hits you from afar with a +1 heavy scythe!
You focus on the pain.
You feel very mighty all of a sudden.
You barely miss the goblin. The goblin closely misses you.
You closely miss the goblin. The goblin closely misses you.
Sigmund hits you from afar with a +1 heavy scythe.
The goblin closely misses you.
You barely miss the goblin. The goblin hits you but does no damage.
Sigmund hits you from afar with a +1 heavy scythe!!
Ouch! That really hurt!
You die...
Sigmund begins carving another notch in his scythe.

..#.# .# #.#.# .#
#.###### @#
######.#....# .#
#........##.# .#
#........##.# .#
#........##†####@#
#........#.......###
#.............@....#
#..............g...#
######.#...........+
#.##..........#
.............#
..##########.# .. .#
.#


You could see Sigmund and a goblin.

Vanquished Creatures
  2 adders (D:2)
  A dart slug (D:1)
  3 endoplasms (D:1)
  5 giant cockroaches (D:1)
  3 goblins (D:1)
  2 hobgoblins (D:1)
  6 jackals (D:1)
  A kobold (D:1)
  2 ball pythons
  5 bats
  A frilled lizard (D:1)
  3 rats (D:1)
34 creatures vanquished.

Notes
Turn   | Place    | Note
-------+----------+-------------------------------------------
     0 | D:1      | Nvm9 the Demonspawn Fighter began the quest for the Orb.
     0 | D:1      | Reached XP level 1. HP: 18/18 MP: 1/1
    57 | D:1      | Gained mutation: You sometimes gain a little power by
                  | taking damage. [demonic ancestry]
    57 | D:1      | Reached XP level 2. HP: 22/24 MP: 2/2
   356 | D:1      | Gained mutation: A weak demonic guardian rushes to your
                  | aid. [demonic ancestry]
   356 | D:1      | Reached XP level 3. HP: 29/29 MP: 3/3
   362 | D:1      | Found a faded altar of an unknown god.
   946 | D:2      | Noticed Sigmund
   955 | D:2      | Mangled by Sigmund

Illustrated notes

Levels and vault maps discovered:
D:1:      amcnicky_arrival_wind_blow, layout_loops_ring,
          shapermc_ecumenical_altar_mp_ritualfount, minmay_split_cup_large
D:2:      layout_basic, uniq_sigmund

Skill      XL: |  1  2 |
---------------+-------+-----
Axes           | 2 |  2.3
Armour         | 3 |  3.2
Shields        | 3 |  3.1
Fighting       | |  3.4

Action                     || total
---------------------------++-------
  Melee: War axe           ||   108
    Use: Scroll            ||     8
 Armour: Scale mail        ||   110
  Dodge: Dodged            ||    62
  Block: Buckler           ||    28

Table legend: (Time is in decaauts)
 A = Elapsed time spent in this place.
 B = Non-inter-level travel time spent in this place.
 C = Inter-level travel time spent in this place.
 D = Time resting spent in this place.
 E = Time spent auto-exploring this place.
 F = Levels seen in this place.
 G = Mean time per level.
                   A        B        C        D        E       F      G
               +--------+--------+--------+--------+--------+-----+--------+
         Total |   1001 |    965 |     36 |     97 |    599 |   2 |  500.5 |
       Dungeon |   1001 |    965 |     36 |     97 |    599 |   2 |  500.5 |
               +--------+--------+--------+--------+--------+-----+--------+

Top non-repeatable levels by time:
     D:1: 774 daAuts
     D:2: 227 daAuts
